 Dungeon Crawl Stone Soup version 0.16-a0-2059-gf848859 (webtiles) character file.

17891 Kraw the Nimble (level 12, 0/87 HPs)
             Began as a Halfling Abyssal Knight on Nov 9, 2014.
             Was the Champion of Lugonu.
             Killed from afar by a firespitter statue (31 damage)
             ... with a bolt of magma
             ... in a volcano on Nov 11, 2014.
             The game lasted 01:57:13 (19713 turns).

Kraw the Nimble (Halfling Abyssal Knight)          Turns: 19713, Time: 01:57:13

Health: 0/87       AC: 14    Str: 12    XL:     12   Next: 88%
Magic:  16/20      EV: 21    Int: 11    God:    Lugonu [******]
Gold:   761        SH:  7    Dex: 19    Spells: 0 memorised, 11 levels left

rFire  . . .     SeeInvis .     e - +1 short sword (speed)
rCold  . . .     Clarity  .     G - +1 mottled dragon armour
rNeg   . . .     SustAb   .     i - +0 buckler
rPois  .         Gourm    .     (no helmet)
rElec  .         Spirit   .     (no cloak)
rCorr  .         Warding  .     A - +2 pair of gloves
rMut   .         Stasis   .     T - +0 pair of boots
MR     .....                    (no amulet)
Stlth  +++++.....               C - ring of flight
                                O - +3 ring of protection

@: not resistant to hostile enchantments, quite stealthy
A: mutation resistance 1
a: Depart the Abyss, Bend Space, Banish, Corrupt, Enter the Abyss, Renounce
Religion, Evoke Flight


You were in a volcano.
You worshipped Lugonu.
Lugonu was exalted by your worship.
You were near starving.

You visited 3 branches of the dungeon, and saw 14 of its levels.
You visited the Abyss 1 time.
You also visited: Volcano.

You collected 761 gold pieces.

Inventory:

Hand weapons
 a - a +1 short sword of venom
 b - a +0 hunting sling
 e - a +1 short sword of speed (weapon)
 q - a +1 blowgun
Missiles
 k - 13 exploding sling bullets
 m - 64 poisoned needles
 N - 17 sling bullets of flame
 P - 6 tomahawks (quivered)
 V - 3 throwing nets
 W - 13 sling bullets
Armour
 i - a +0 buckler (worn)
 A - a +2 pair of gloves (worn)
 G - a +1 mottled dragon armour (worn)
 T - a +0 pair of boots (worn)
Jewellery
 v - a +5 ring of intelligence {unknown}
 C - a ring of flight (right hand)
 O - a +3 ring of protection (left hand)
Magical devices
 t - a wand of disintegration (5)
 L - a wand of cold (0)
Scrolls
 g - 5 scrolls of identify
 j - 5 scrolls of teleportation
 n - 2 scrolls of magic mapping
 p - a scroll of holy word {unknown}
 s - 2 scrolls of enchant weapon
 y - 3 scrolls of blinking
 D - 5 scrolls of remove curse
 F - a scroll of fear
Potions
 l - a potion of agility
 o - a potion of might
 r - 4 potions of curing
 B - 3 potions of heal wounds
 K - 4 potions of haste
 M - 2 potions of cancellation
 R - a potion of resistance
 X - a potion of cure mutation
Comestibles
 c - 13 bread rations
 d - 3 beef jerkies
 h - 11 meat rations


   Skills:
 - Level 10.0 Fighting
 - Level 10.2 Short Blades
 - Level 2.1 Armour
 - Level 11.2 Dodging
 + Level 10.7 Stealth
 - Level 7.0 Shields
 - Level 5.0 Invocations


You had 11 spell levels left.
You didn't know any spells.

Dungeon Overview and Level Annotations

Branches:
Dungeon (11/15)            Temple (1/1) D:4            Lair (2/8) D:10
    Orc (0/4) D:9

Altars:
Ashenzari
Dithmenos
Gozag
Kikubaaqudgha
Ru
Trog
Yredelemnul
The Shining One

Annotations:
Abyss:1 Menkaure Volcano exclusion: statue


Innate Abilities, Weirdness & Mutations

You are small and have problems with some larger weapons.
You are somewhat resistant to further mutation.


Message History

You hit the firespitter statue but do no damage.
The firespitter statue is moderately damaged.
The firespitter statue throws magma at you.
The bolt of magma hits you!
You hit the firespitter statue but do no damage.
The firespitter statue is moderately damaged.
You hit the firespitter statue but do no damage.
The firespitter statue is moderately damaged.
You hit the firespitter statue.
The firespitter statue is moderately damaged.
Use which ability? (? or * to list)
Press: ? - help, Shift-Dir - straight line, f/p - firespitter statue
Aim: a firespitter statue (moderately damaged)
The firespitter statue is unaffected.
You are near starving!
The firespitter statue throws magma at you.
The bolt of magma misses you.
The firespitter statue throws magma at you.
The bolt of magma hits you!
You die...

######### #$..8..$#
§≈§≈ #$.≈≈≈.$# §≈§≈≈ ≈
#$.....$# .§.≈≈≈≈≈≈§
#%[...[(# ...§≈≈≈≈≈
#)!..@!(# #...≈≈≈≈≈
#$)#.#)$# ###...§≈≈≈≈
####'#######8.....≈≈≈≈
#....)..)')((..(..≈≈≈≈
#.......####8......≈≈≈
#.......# ####.......
#....(..# ##.#....
#.#...#.# ###..##
#.#...#.# ####


You could see a firespitter statue.

Vanquished Creatures
  Harold (D:10)
  2 unseen horrors
  A salamander mystic (Volcano)
  Maurice (D:9)
  Pikel (D:9)
  A hill giant (D:11)
  An ugly thing (D:11)
  4 salamanders (Volcano)
  An elephant (D:10)
  A black mamba (Lair:1)
  2 spiny frogs
  3 trolls
  A two-headed ogre (D:10)
  A yak (D:7)
  2 hill giant zombies
  2 deep elf magi
  Eustachio (D:4)
  2 hippogriffs
  A fire bat (Volcano)
  A hungry ghost (D:9)
  A warg (D:9)
  2 mottled dragons
  3 porcupines (Lair:1)
  A sky beast (D:7)
  2 ice beasts
  4 orc warriors
  6 ogres
  4 water moccasins
  2 centaurs
  6 phantoms
  A necrophage (D:6)
  7 crocodiles
  Duvessa (D:9)
  7 giant frogs
  Blork the orc (D:9)
  2 big kobolds
  A cyclops zombie (D:9)
  A gnoll sergeant (D:9)
  10 killer bees (D:8)
  A troll zombie (D:8)
  A lava snake (Volcano)
  13 wights
  Dowan (D:9)
  A quasit (D:4)
  6 goliath beetles
  5 crimson imps
  A centaur zombie (D:8)
  4 jellies
  7 orc priests
  A gnoll shaman (D:10)
  A centaur skeleton (D:11)
  4 hounds
  An elf zombie (D:4)
  8 orc wizards
  5 iguanas
  8 worker ants
  5 sheep (Lair:1)
  A mummy (D:9)
  A worker ant zombie (D:5)
  A hound skeleton (D:5)
  An orc zombie (D:7)
  22 gnolls
  10 green rats
  11 adders
  A steam dragon skeleton (D:11)
  A worm (D:2)
  A shadow imp (D:9)
  An ufetubus (D:4)
  A gnoll skeleton (D:5)
  An iguana skeleton (D:5)
  5 giant geckos
  An ooze (D:6)
  66 orcs
  19 bats
  11 giant cockroaches
  18 goblins
  16 hobgoblins
  12 jackals
  33 kobolds
  8 quokkas
  2 ball pythons
  7 giant newts
  A giant spore (D:7)
  18 rats
  A rat zombie (D:6)
  2 ballistomycetes (D:7)
438 creatures vanquished.

Vanquished Creatures (others)
  The ghost of asdu the Destroyer, a powerful TeFE of Vehumet (D:11)
  A hydra (Lair:1)
  The ghost of Kraw the Grappler, an experienced TrVM of Okawaru (D:9)
  A slave (D:9)
  An ice beast (D:6)
  A necrophage (D:8)
  An ogre (D:5)
  A big kobold (D:7)
  An orc skeleton (D:9)
9 creatures vanquished.

Grand Total: 447 creatures vanquished

Notes
Turn   | Place    | Note
--------------------------------------------------------------
     0 | Abyss:1  | Kraw, the Halfling Abyssal Knight, began the quest for the Orb.
     0 | Abyss:1  | Reached XP level 1. HP: 15/15 MP: 1/1
     2 | Abyss:1  | Found a corrupted altar of Lugonu.
    54 | Abyss:1  | Noticed a ynoxinul
    55 | D:1      | Escaped the Abyss
    79 | D:1      | Reached skill level 3 in Short Blades
   122 | D:1      | Acquired Lugonu's first power
   168 | D:1      | Reached XP level 2. HP: 17/20 MP: 2/2
   413 | D:1      | Reached skill level 4 in Short Blades
   720 | D:2      | Reached XP level 3. HP: 22/25 MP: 3/3
   875 | D:2      | Reached skill level 5 in Short Blades
   904 | D:2      | Reached XP level 4. HP: 10/30 MP: 3/5
  1240 | D:2      | Acquired Lugonu's second power
  1963 | D:3      | Reached XP level 5. HP: 35/35 MP: 9/9
  2473 | D:3      | Acquired Lugonu's third power
  2532 | D:3      | Reached skill level 5 in Invocations
  2649 | D:3      | Reached XP level 6. HP: 41/41 MP: 11/11
  3061 | D:3      | Reached skill level 6 in Short Blades
  3281 | D:4      | Noticed Eustachio
  3611 | D:4      | Acquired Lugonu's fourth power
  3724 | D:4      | Found a staircase to the Ecumenical Temple.
  3808 | D:4      | Reached skill level 7 in Short Blades
  3808 | D:4      | Reached XP level 7. HP: 42/45 MP: 11/13
  4387 | D:4      | Killed Eustachio
  4683 | Temple   | Entered the Ecumenical Temple
  4787 | D:5      | Entered Level 5 of the Dungeon
  4972 | D:5      | Reached skill level 5 in Dodging
  4972 | D:5      | Reached XP level 8. HP: 44/51 MP: 15/15
  5689 | D:5      | Acquired Lugonu's fifth power
  5802 | D:5      | Found a bloodstained altar of Trog.
  6325 | D:6      | Found a glowing golden altar of the Shining One.
  6428 | D:6      | Reached skill level 8 in Dodging
  6462 | D:6      | Reached XP level 9. HP: 52/55 MP: 16/16
  6497 | D:6      | Found an ancient bone altar of Kikubaaqudgha.
  6832 | D:6      | Found a shattered altar of Ashenzari.
  7679 | D:6      | Found a shadowy altar of Dithmenos.
  7934 | D:6      | Reached skill level 5 in Fighting
  8029 | D:6      | Noticed Menkaure
  8034 | D:6      | Banished Menkaure
  9243 | D:7      | Reached XP level 10. HP: 54/69 MP: 18/18
  9549 | D:7      | Reached skill level 5 in Shields
  9804 | D:7      | Found an opulent altar of Gozag.
 10515 | D:8      | Reached skill level 9 in Dodging
 11392 | D:8      | Reached skill level 10 in Dodging
 11409 | D:8      | Found a basalt altar of Yredelemnul.
 11655 | D:9      | Noticed Blork the orc
 11655 | D:9      | Noticed Kraw's ghost (experienced TrVM)
 11660 | D:9      | Noticed Dowan
 11661 | D:9      | Noticed Duvessa
 12039 | D:9      | Upgraded the game from 0.16-a0-2010-g98bc240 to 0.16-a0-2059-gf848859
 12048 | D:9      | Found a sacrificial altar of Ru.
 12230 | D:9      | Banished Kraw's ghost
 12230 | D:9      | Reached skill level 11 in Dodging
 12417 | D:9      | Killed Blork the orc
 12417 | D:9      | Reached skill level 1 in Stealth
 12471 | D:9      | Reached XP level 11. HP: 39/74 MP: 19/19
 12602 | D:9      | Found a staircase to the Orcish Mines.
 12787 | D:9      | Killed Duvessa
 13038 | D:9      | Noticed Maurice
 13115 | D:9      | Noticed Pikel
 13140 | D:9      | Killed Pikel
 13232 | D:9      | Killed Maurice
 13557 | D:9      | Found a shadowy altar of Dithmenos.
 13612 | D:10     | Entered Level 10 of the Dungeon
 13684 | D:9      | Killed Dowan
 14648 | D:10     | Killed an unseen horror
 15288 | D:10     | Reached skill level 10 in Short Blades
 15463 | D:10     | Found a staircase to the Lair.
 15624 | D:10     | Noticed Harold
 15676 | D:10     | Killed Harold
 16216 | D:11     | Noticed asdu's ghost (powerful TeFE)
 16227 | D:11     | Banished asdu's ghost
 16227 | D:11     | Reached XP level 12. HP: 79/82 MP: 20/20
 16468 | D:11     | Noticed a brown ugly thing
 16503 | D:11     | Killed a brown ugly thing
 17022 | D:11     | Noticed a hill giant
 17038 | D:11     | Killed a hill giant
 17107 | D:11     | Killed an unseen horror
 17753 | Lair:1   | Entered Level 1 of the Lair of Beasts
 18213 | Lair:1   | Reached skill level 10 in Fighting
 18459 | Lair:1   | Noticed a five-headed hydra
 18468 | Lair:1   | Banished a five-headed hydra
 18978 | Lair:2   | Found a dark tunnel.
 18985 | Volcano  | Entered a volcano
 19066 | Volcano  | Noticed a salamander mystic
 19067 | Volcano  | Found a bloodstained altar of Trog.
 19086 | Volcano  | Killed a salamander mystic
 19107 | Volcano  | Reached skill level 10 in Stealth
 19713 | Volcano  | Killed from afar by a firespitter statue

Action                   |  1- 3 |  4- 6 |  7- 9 | 10-12 || total
-------------------------+-------+-------+-------+-------++-------
Melee: Short sword       |    98 |   297 |   900 |  1599 ||  2894
 Fire: Hunting sling     |       |    86 |   161 |   184 ||   431
       Blowgun           |       |       |       |    45 ||    45
Throw: Stone             |       |       |     2 |       ||     2
       Tomahawk          |       |       |       |     2 ||     2
Invok: Depart the Abyss  |     1 |       |       |       ||     1
       Bend Space        |       |     2 |     5 |     1 ||     8
       Banish            |       |       |     3 |     7 ||    10
Evoke: Wand              |       |       |       |     5 ||     5
  Use: Potion            |       |     2 |     1 |     1 ||     4
       Scroll            |       |       |       |    26 ||    26
 Stab: Sleeping          |       |       |     1 |    11 ||    12
       Paralysed         |       |       |       |     1 ||     1
       Distracted        |       |       |       |     2 ||     2
  Eat: Chunk             |       |    10 |    16 |    26 ||    52
       Pizza             |       |       |     1 |       ||     1
       Fruit             |       |       |     2 |       ||     2
       Beef jerky        |       |       |       |     6 ||     6
